 Dungeon Crawl Stone Soup version 0.22-a0-392-g5dc3fd9 (webtiles) character file.

44 Kairos the Skirmisher (level 3, 0/20 HPs)
             Began as a Vine Stalker Fighter on May 1, 2018.
             Succumbed to an adder's poison
             ... on level 2 of the Dungeon.
             The game lasted 00:01:02 (908 turns).

Kairos the Skirmisher (Vine Stalker Fighter)         Turns: 908, Time: 00:01:03

Health: 0/20       AC:  6    Str: 19    XL:     3   Next: 60%
Magic:  0/4        EV:  7    Int:  8    God:
Gold:   71         SH:  9    Dex: 13    Spells: 2/2 levels left

rFire    . . .     SeeInvis .   a - +0 war axe
rCold    . . .     Gourm    .   c - +0 shield
rNeg     . . .     Faith    .   b - +0 scale mail
rPois    .         Spirit   +   (no helmet)
rElec    .         Reflect  .   (no cloak)
rCorr    .         Harm     .   (no gloves)
MR       .....                  (no boots)
Stlth    ..........             (no amulet)
HPRegen  0.06/turn              (no ring)
MPRegen  0.09/turn              (no ring)

@: lethally poisoned (0 -> -7)
A: fangs 2, magic shield, antimagic bite, no potion heal 3, rot immunity
a: no special abilities


You were on level 2 of the Dungeon.
You were not hungry.

You visited 1 branch of the dungeon, and saw 2 of its levels.

You collected 71 gold pieces.

Inventory:

Hand Weapons
 a - a +0 war axe (weapon)
Armour
 b - a +0 scale mail (worn)
 c - a +0 shield (worn)
Scrolls
 g - a scroll of identify {unknown}
Potions
 d - a potion of might
 e - 2 potions of heal wounds {unknown}
 h - a potion of mutation {unknown}
 i - 4 potions of curing {unknown}
Comestibles
 f - 3 rations


   Skills:
 + Level 3.0 Fighting
 + Level 2.2 Axes
 + Level 2.9 Armour
 + Level 3.0 Shields


You had 2 spell levels left.
You didn't know any spells.

Dungeon Overview and Level Annotations

Branches:
Dungeon (2/15)

Altars:

Annotations:
D:2 Sigmund


Innate Abilities, Weirdness & Mutations

You have extremely sharp teeth.
When hurt, damage is shared between your health and your magic reserves.
Your bite disrupts and absorbs the magic of your enemies.
Potions cannot restore your health.
You are immune to rotting.


Message History

You hit the adder. The adder bites you but does no damage.
The adder closely misses you. The adder bites you but does no damage.
You block the adder's attack.
Sigmund giggles. "Time to reap what you sow."
Sigmund hits you from afar with a scythe.
You slash the adder! Your bite misses the adder.
The adder is severely wounded.
You miss the adder. You block the adder's attack. The adder bites you.
The adder bites you but does no damage. x2; Sigmund barely misses you.
You barely miss the adder. Your bite misses the adder.
The adder is severely wounded.
You hit the adder. The adder bites you but does no damage.
You block the adder's attack. x2; The adder bites you.
* * * LOW HITPOINT WARNING * * *
You are lethally poisoned!
The adder poisons you!
You slash the adder!
You kill the adder!
You hit the adder.
You die...

#.# #..#
###.#####..#
#..........#
#.##...)...#
#. #.#######
# #.# ##.
#.# #)..#.#
#...S@#
#....†.#
#.....@.#
...........#
##.........#
#.........#
#........##
#.#.....##


You could see Sigmund and an adder.

Vanquished Creatures
  An adder (D:2)
  2 worms (D:2)
  2 leopard geckos (D:1)
  2 giant cockroaches
  2 goblins (D:1)
  2 hobgoblins (D:1)
  6 jackals (D:1)
  2 bats (D:1)
  2 frilled lizards (D:1)
  2 kobolds (D:1)
  3 rats
26 creatures vanquished.

Notes
Turn   | Place    | Note
-------+----------+-------------------------------------------
     0 | D:1      | Kairos the Vine Stalker Fighter began the quest for the Orb.
     0 | D:1      | Reached XP level 1. HP: 11/11 MP: 2/2
    68 | D:1      | Reached XP level 2. HP: 11/16 MP: 3/3
   558 | D:1      | Reached XP level 3. HP: 15/19 MP: 2/4
   886 | D:2      | HP: 1/20 [worm (2)]
   900 | D:2      | Noticed Sigmund
   903 | D:2      | HP: 1/20 [adder (1)]
   908 | D:2      | Succumbed to an adder's poison

Vault maps used:
D:1:      roderic_dead_forest, minmay_pentomino_u2
D:2:      first_ration, uniq_sigmund

Skill      XL: |  1  2  3 |
---------------+----------+-----
Axes           | 2 |  2.2
Fighting       | 3 |  3.0
Shields        | 3 |  3.0
Armour         | |  2.9

Action                   || total
-------------------------++-------
Melee: War axe           ||    74
       Bite              ||    16
Armor: Scale mail        ||    30
Dodge: Dodged            ||    30
Block: Shield            ||    50

Table legend:
 A = Spawn XP
 B = Non-spawn XP
 C = Spawn XP percentage of total XP
 D = Spawn monster count
 E = Non-spawn monster count
 F = Spawn count percentage of total count
 G = Total turns spent on level
                    A         B        C        D         E        F      G
               +---------+---------+-------+---------+---------+-------+---------
         Total |       0 |      63 |   0.0 |       0 |      26 |   0.0 |   908
               +---------+---------+-------+---------+---------+-------+---------
           D:1 |       0 |      37 |   0.0 |       0 |      21 |   0.0 |   859
           D:2 |       0 |      26 |   0.0 |       0 |       5 |   0.0 |    49
               +---------+---------+-------+---------+---------+-------+---------
